AoeStats
← Snobyman

Black Forest

509535754Analyzed
4v4 RM · 6d ago on Sep 27, 2026· 76m 36s· 8 players
Game mode
Random Map
Map size
Large (8 player)
Population
200
Speed
Normal
Resources
Standard
Victory
Conquest
Starting age
Dark Age
Ending age
Imperial Age
RankedLock teamsTeams togetherTeam positionsShared explorationLock speedFull tech treeHidden civsTurbo modeCheats
Victory
Defeat
🇨🇦 Franks · Canada
555
+15
🇲🇽 Slavs · Mexico
553
+15
🇵🇪 Vietnamese · Peru
539
+16
🇲🇽 Portuguese · Mexico
464
+19
🇦🇷 Slavs · Argentina
609
-19
🇲🇽 Celts · Mexico
594
-19
🇻🇳 Vietnamese · Vietnam
506
-15
🇦🇺 Saxons · Australia
430
-12
fertilii
14:44 Feudal Age
17:51 Wheelbarrow
22:45 Castle Age
21:50 Double-Bit Axe
22:05 Gold Mining
22:06 Stone Mining
24:59 Hand Cart
25:21 Bow Saw
25:34 Pikeman
30:54 Gold Shaft Mining
31:38 Squires
31:24 Arson
31:52 Scale Barding Armor
31:58 Forging
31:50 Scale Mail Armor
36:04 Ballistics
37:39 Masonry
37:39 Ordonnance Companies
42:38 Imperial Age
41:52 Chain Barding Armor
41:48 Chain Mail Armor
42:09 Iron Casting
43:09 Elite Throwing Axeman
43:50 Chivalry
45:05 Conscription
46:55 Chemistry
46:28 Architecture
47:39 Cavalier
51:36 Paladin
55:47 Plate Barding Armor
55:43 Plate Mail Armor
56:14 Blast Furnace
Goku18996640
1:12 Loom
15:11 Feudal Age
17:46 Horse Collar
18:05 Double-Bit Axe
27:51 Castle Age
26:55 Gold Mining
26:59 Stone Mining
28:12 Forging
27:52 Arson
29:11 Coinage
28:42 Caravan
36:08 Imperial Age
37:19 Elite Organ Gun
41:46 Iron Casting
41:54 Banking
41:35 Guilds
41:51 Ballistics
42:39 Bow Saw
43:28 Pikeman
44:24 Treadmill Crane
45:28 Wheelbarrow
44:40 Town Watch
45:03 Murder Holes
46:52 Two-Man Saw
46:49 Town Patrol
48:57 Hand Cart
49:47 Chemistry
48:38 Heated Shot
52:32 Halberdier
SrAbraham994
1:55 Loom
17:08 Feudal Age
19:56 Double-Bit Axe
19:55 Horse Collar
21:06 Wheelbarrow
21:02 Man-at-Arms
24:13 Padded Archer Armor
24:04 Fletching
24:15 Scale Mail Armor
24:21 Scale Barding Armor
24:27 Forging
32:50 Castle Age
34:30 Hand Cart
34:45 Heavy Plow
35:19 Bow Saw
34:59 Light Cavalry
36:01 Masonry
37:01 Bloodlines
36:52 Husbandry
36:15 Crossbowman
36:56 Long Swordsman
37:38 Squires
37:39 Pikeman
40:18 Chain Barding Armor
40:52 Fortified Wall
41:56 Chain Mail Armor
42:38 Elite Skirmisher
48:43 Town Watch
51:54 Imperial Age
50:17 Murder Holes
50:45 Ballistics
50:25 Bodkin Arrow
50:40 Stone Mining
50:47 Gold Mining
52:00 Hussar
52:07 Heavy Scorpion
52:31 Two-Handed Swordsman
53:29 Leather Archer Armor
53:45 Plate Mail Armor
53:42 Caravan
53:25 Elite Boyar
56:03 Champion
56:07 Halberdier
59:15 Chemistry
58:21 Siege Engineers
60:06 Iron Casting
65:06 Coinage
Althair
12:32 Feudal Age
13:10 Double-Bit Axe
13:08 Horse Collar
13:12 Fishing Lines
14:22 Gold Mining
17:04 Wheelbarrow
20:07 Arson
24:18 Castle Age
22:26 Stone Mining
23:58 Padded Archer Armor
23:49 Fletching
26:14 Hand Cart
26:11 Bow Saw
26:04 Heavy Plow
29:54 Pikeman
32:19 Stone Shaft Mining
32:12 Leather Archer Armor
34:09 Bodkin Arrow
34:39 Ballistics
34:17 Murder Holes
34:44 Crossbowman
35:32 Thumb Ring
34:48 Elite Skirmisher
38:07 Imperial Age
38:13 Imperial Age
37:22 Caravan
37:38 Treadmill Crane
39:58 Two-Man Saw
39:23 Chatras
40:07 Paper Money
39:17 Halberdier
40:01 Squires
40:07 Scale Mail Armor
40:38 Ring Archer Armor
40:09 Bracer
41:44 Elite Rattan Archer
41:50 Arbalester
45:38 Chemistry
44:48 Husbandry
44:59 Bloodlines
44:11 Light Cavalry
45:20 Chain Mail Armor
45:16 Forging
45:12 Scale Barding Armor
44:52 Onager
48:34 Theocracy
47:54 Herbal Medicine
50:48 Imperial Skirmisher
53:12 Bombard Tower
52:39 Arrowslits
52:45 Guard Tower
53:12 Fortified Wall
53:14 Masonry
53:11 Siege Engineers
53:44 Plate Mail Armor
53:49 Iron Casting
53:35 Chain Barding Armor
54:15 Illumination
54:06 Block Printing
53:52 Devotion
54:13 Sanctity
74:50 Spies/Treason
WallDestroyer
0:57 Loom
13:43 Feudal Age
18:08 Town Watch
23:43 Double-Bit Axe
23:44 Horse Collar
32:39 Castle Age
30:41 Gold Mining
30:42 Stone Mining
33:28 Heavy Plow
34:07 Gold Shaft Mining
33:46 Bow Saw
34:31 Stone Shaft Mining
34:55 Caravan
37:07 Wheelbarrow
39:25 Hand Cart
44:07 Imperial Age
42:39 Town Patrol
46:51 Conscription
46:42 Furor Celtica
46:17 Onager
47:56 Scale Barding Armor
48:02 Forging
47:25 Cavalier
48:05 Husbandry
51:01 Chain Barding Armor
51:17 Iron Casting
53:01 Paladin
54:47 Blast Furnace
54:17 Light Cavalry
67:12 Elite Woad Raider
msc159
0:30 Loom
14:49 Feudal Age
17:26 Wheelbarrow
16:36 Town Watch
16:53 Horse Collar
19:35 Man-at-Arms
25:25 Castle Age
23:42 Scale Mail Armor
23:42 Padded Archer Armor
27:18 Hand Cart
27:03 Town Patrol
27:13 Scale Barding Armor
27:08 Padded Archer Armor
26:59 Fletching
27:19 Forging
27:15 Crossbowman
27:18 Elite Skirmisher
28:01 Squires
28:41 Long Swordsman
32:50 Guard Tower
33:11 Fortified Wall
32:58 Murder Holes
35:41 Ballistics
36:02 Chain Barding Armor
35:53 Forging
35:41 Bodkin Arrow
40:58 Imperial Age
38:46 Double-Bit Axe
40:12 Pikeman
41:09 Husbandry
48:53 Halberdier
51:31 Imperial Skirmisher
53:19 Chemistry
54:04 Caravan
54:37 Coinage
54:24 Masonry
54:40 Conscription
54:21 Detinets
53:42 Elite Boyar
58:10 Onager
63:56 Two-Handed Swordsman
64:51 Druzhina
64:23 Cavalier
Snobyman
4:30 Loom
16:50 Feudal Age
17:23 Gold Mining
17:18 Horse Collar
17:52 Double-Bit Axe
20:57 Wheelbarrow
20:24 Stone Mining
26:44 Castle Age
28:19 Hand Cart
28:53 Scale Barding Armor
28:49 Scale Mail Armor
28:59 Forging
28:40 Fletching
28:51 Padded Archer Armor
30:04 Bow Saw
29:58 Heavy Plow
30:39 Gold Shaft Mining
30:32 Chain Barding Armor
33:11 Ballistics
32:42 Heated Shot
33:12 Chain Mail Armor
33:33 Iron Casting
33:13 Leather Archer Armor
33:29 Town Watch
35:06 Town Patrol
35:14 Elite Skirmisher
36:25 Bodkin Arrow
36:16 Treadmill Crane
36:47 Masonry
36:37 Murder Holes
38:05 Coinage
37:36 Caravan
40:34 Husbandry
40:40 Guard Tower
44:08 Imperial Age
44:03 Clerical Recruitment
45:34 Shield Wall
45:35 Elite Hearth Troop
45:50 Sappers
46:55 Hoardings
46:41 Conscription
47:22 Onager
50:09 Cranequins
50:10 Heavy Mounted Crossbowman
50:50 Imperial Skirmisher
52:53 Cavalier
52:59 Imperial Skirmisher
53:33 Arson
53:09 Elite Varangian Guard
Dai Viet
12:50 Feudal Age
15:53 Double-Bit Axe
19:01 Castle Age
18:11 Horse Collar
23:47 Gold Mining
24:07 Heavy Plow
24:22 Bow Saw
30:44 Imperial Age
30:10 Forging
29:50 Fletching
30:01 Padded Archer Armor
30:01 Scale Mail Armor
32:47 Wheelbarrow
32:59 Crop Rotation
33:35 Two-Man Saw
34:03 Hand Cart
36:31 Caravan
38:57 Iron Casting
38:18 Bodkin Arrow
38:39 Leather Archer Armor
38:25 Scale Mail Armor
39:30 Chemistry
38:52 Ballistics
38:23 Heated Shot
38:30 Murder Holes
38:47 Fortified Wall
38:24 Arrowslits
39:35 Elite Skirmisher
40:21 Thumb Ring
41:26 Imperial Skirmisher
41:38 Pikeman
42:19 Squires
42:44 Chain Mail Armor
43:00 Ring Archer Armor
42:30 Bracer
43:17 Elite Rattan Archer
44:18 Paper Money
43:30 Halberdier
48:59 Hoardings
47:55 Sappers
48:26 Chatras
51:13 Plate Mail Armor
51:09 Bombard Tower
66:33 Elite Battle Elephant
67:14 Husbandry
67:29 Bloodlines
Connection lost

Rejoining the realm…

Still unreachable

The connection could not be restored.

Session expired

The server has moved on; the page needs a fresh start.